 Dungeon Crawl Stone Soup version 0.21-a0-591-g2314aa1 (webtiles) character file.

740 rabbitfr the Insei (level 7, -2/46 HPs)
             Began as an Octopode Transmuter on Dec 22, 2017.
             Slain by an orc warrior
             ... wielding a +0 trident
              (3 damage)
             ... on level 6 of the Dungeon.
             The game lasted 00:29:23 (8534 turns).

rabbitfr the Insei (Octopode Transmuter)            Turns: 8534, Time: 00:29:23

Health: -2/46      AC:  1    Str: 10    XL:     7   Next: 75%
Magic:  20/20      EV: 13    Int: 17    God:
Gold:   262        SH:  4    Dex: 14    Spells: 2/11 levels left

rFire    . . .     SeeInvis .   a - +0 hunting sling
rCold    + . .     Gourm    .   u - +0 buckler
rNeg     . . .     Faith    .   (helmet restricted)
rPois    .         Spirit   .   j - amulet of magic regeneration
rElec    .         Reflect  .   g - ring of protection from cold
rCorr    .         Harm     .   x - ring of magical power
MR       .....                  y - +2 ring of dexterity
Stlth    ++........             (no ring)
HPRegen  0.15/turn              (no ring)
MPRegen  0.42/turn              (no ring)
                                (no ring)
                                (no ring)

@: no status effects
A: almost no armour, stealthy swim, amphibious, 8 rings, constrict 8, camouflage
1, gelatinous body 1
a: no special abilities


You were on level 6 of the Dungeon.
You were not hungry.

You visited 1 branch of the dungeon, and saw 7 of its levels.

You collected 262 gold pieces.

Inventory:

Hand Weapons
 a - a +0 hunting sling (weapon)
Missiles
 f - 3 arrows
 h - 98 stones
 p - 27 poisoned needles
 q - 5 sling bullets (quivered)
 r - 4 exploding tomahawks
Armour
 u - a +0 buckler (worn)
Jewellery
 g - a ring of protection from cold (left tentacle)
 j - an amulet of magic regeneration (around mantle)
 x - a ring of magical power (right tentacle)
 y - a +2 ring of dexterity (on tentacle)
Wands
 v - a wand of enslavement (19)
Scrolls
 i - 3 scrolls of identify
 k - 4 scrolls of amnesia
 m - 3 scrolls of teleportation
 o - 2 scrolls of remove curse
 w - 3 scrolls of acquirement {unknown}
Potions
 d - 3 potions of heal wounds {unknown}
 e - a potion of invisibility {unknown}
 l - 2 potions of lignification
 n - 3 potions of curing {unknown}
 s - a potion of ambrosia {unknown}
 t - a potion of cancellation {unknown}
 z - 2 potions of mutation {unknown}
Books
 b - a book of Changes

   Spells                             Type                      Level
   a - Beastly Appendage              Transmutation                1
   b - Sticks to Snakes               Transmutation                2
   c - Spider Form                    Transmutation/Poison         3
   d - Ice Form                       Ice/Transmutation            4
   e - Blade Hands                    Transmutation                5
Comestibles
 c - 6 rations
 A - a chunk of flesh


   Skills:
 - Level 3.1 Fighting
 - Level 2.0 Dodging
 * Level 2.6 Shields
 + Level 5.6 Unarmed Combat
 + Level 2.6 Spellcasting
 + Level 5.1 Transmutations


You had 2 spell levels left.
You knew the following spells:

 Your Spells              Type           Power        Failure   Level  Hunger
a - Ice Form              Ice/Tmut       ##......     58%         4    #####..
b - Sticks to Snakes      Tmut           ###.....     4%          2    ##.....
c - Spider Form           Tmut/Pois      ##........   22%         3    ###....


Dungeon Overview and Level Annotations

Branches:
Dungeon (7/15)
 Temple: D:4-7

Altars:
Fedhas
Gozag
Makhleb
Trog

Annotations:
D:4 p0werm0de's ghost, amateur GrCK
D:5 2 transporters, exclusion: centaur


Innate Abilities, Weirdness & Mutations

You cannot wear most types of armour.
You are very stealthy in the water. (Stealth+)
You are amphibious.
You can wear up to eight rings at the same time.
You can use your tentacles to constrict eight enemies at once.
Your skin changes colour to match your surroundings (Stealth+).
Your rubbery body absorbs attacks. (AC +1, EV +1)


Message History

You miss something. Something hits you. x2
You clumsily bash something but do no damage.
Something hits you but does no damage.
You miss something. You squeeze something. Something hits you.
Something hits you but does no damage.
You clumsily bash something but do no damage.
The orc hits you with an enchanted flail!
Something barely misses you.
You clumsily bash something but do no damage.
Your squeeze misses something. The orc closely misses you.
Something hits you. x2
The orc hits you with an enchanted flail!
* * * LOW HITPOINT WARNING * * *
Something barely misses you.
The orc hits you with an enchanted flail!
* * * LOW HITPOINT WARNING * * *
There is a stone staircase leading up, spattered with blood here.
Something hits you but does no damage.
You climb upwards.
The orc warrior hits you with a trident.
You die...

........##...# ......
#.....#.##.### ....
#....##....[######.#
#..###..##...##....#
####.........).....##
#....##.............#
...####.............#######.#
.### #..........o.........#.#
.#####.#.......o@.........#.#
............................#
.####..##..###.#####......#.#
......####.# #..# ####.###.#
####.....#...##.#### #.###.#
#####.##.###.......# ##.#>..#
......# ........#.###..).#.#
####### # ##.....<...###.#
####..###### #.#


You could see an orc warrior and an orc.

Vanquished Creatures
  A necrophage (D:6)
  An ogre (D:6)
  A crimson imp (D:6)
  3 hounds
  An orc priest (D:5)
  An orc wizard (D:3)
  A worker ant (D:4)
  A hound zombie (D:6)
  A howler monkey skeleton (D:4)
  7 adders
  An adder skeleton (D:6)
  A worm (D:2)
  4 dart slugs
  9 leopard geckos
  17 orcs
  5 giant cockroaches
  7 goblins
  6 hobgoblins
  2 jackals (D:1)
  A quokka (D:3)
  2 ball pythons (D:1)
  3 bats
  A frilled lizard (D:1)
  4 kobolds
  A leopard gecko skeleton (D:4)
  7 rats
89 creatures vanquished.

Vanquished Creatures (collateral kills)
  2 eyes of draining (D:4)
  An ogre (D:4)
  A scorpion (D:6)
  An orc priest (D:6)
  A worker ant (D:7)
  A gnoll (D:4)
  A kobold (D:4)
8 creatures vanquished.

Grand Total: 97 creatures vanquished

Notes
Turn   | Place    | Note
-------+----------+-------------------------------------------
     0 | D:1      | rabbitfr the Octopode Transmuter began the quest for the Orb.
     0 | D:1      | Reached XP level 1. HP: 13/13 MP: 3/3
   158 | D:1      | Reached XP level 2. HP: 17/18 MP: 5/5
   665 | D:1      | Reached XP level 3. HP: 16/23 MP: 6/6
  1939 | D:2      | Found a burning altar of Makhleb.
  2032 | D:2      | Reached XP level 4. HP: 24/29 MP: 7/7
  2197 | D:2      | Learned a level 2 spell: Sticks to Snakes
  2201 | D:2      | Learned a level 3 spell: Spider Form
  2859 | D:3      | Found a blossoming altar of Fedhas.
  3015 | D:3      | Reached XP level 5. HP: 34/34 MP: 8/8
  3784 | D:4      | Noticed p0werm0de's ghost (amateur GrCK)
  4349 | D:4      | Noticed an ogre
  4406 | D:4      | Killed an ogre
  4650 | D:4      | Found a bloodstained altar of Trog.
  4650 | D:4      | Noticed an eye of draining
  4651 | D:4      | Noticed an eye of draining
  4712 | D:4      | Killed an eye of draining
  4712 | D:4      | Reached XP level 6. HP: 41/41 MP: 3/9
  5061 | D:4      | Killed an eye of draining
  5061 | D:4      | Reached skill level 5 in Unarmed Combat
  5529 | D:4      | Found an opulent altar of Gozag.
  5645 | D:5      | Entered Level 5 of the Dungeon
  5645 | D:5      | Found a transporter.
  5766 | D:5      | Found a transporter.
  6531 | D:5      | Learned a level 4 spell: Ice Form
  6782 | D:6      | Reached XP level 7. HP: 46/46 MP: 10/10
  6969 | D:6      | Reached skill level 1 in Shields
  7269 | D:6      | Reached skill level 5 in Transmutations
  8532 | D:7      | HP: 1/46 [orc/enchanted flail (12)]
  8534 | D:6      | Slain by an orc warrior

Vault maps used:
D:1:      erik_arrival_blinker_ship, serial_bayou_pond_c
D:2:      overflow_temple_1_default
D:3:      fedhas_altar_3
D:4:      trog_eyes_of_draining, first_ration, hangedman_decor_opposing,
          grunt_gozag_breadcrumbs
D:5:      gammafunk_steamed_eel
D:6:      kennysheep_spiral_hall, temple_fountains, trog_butcher_becter,
          uniq_sigmund, uniq_eustachio, uniq_grinder
D:7:      nicolae_ashenzari_panopticon

Skill      XL: |  1  2  3  4  5  6  7 |
---------------+----------------------+-----
Transmutations | 3 4 5 |  5.1
Unarmed Combat | 4 5 |  5.6
Fighting       | 2 3 |  3.1
Shields        | 2 |  2.6
Dodging        | |  2.0
Spellcasting   | |  2.6

Action                   |  1- 3 |  4- 6 |  7- 9 || total
-------------------------+-------+-------+-------++-------
Melee: Unarmed           |    66 |    62 |    38 ||   166
       Constrict         |    19 |    12 |     9 ||    40
       Tentacles         |     8 |     9 |     9 ||    26
       Punch             |     1 |     1 |     1 ||     3
       Hunting sling     |       |       |     6 ||     6
 Fire: Hunting sling     |    49 |   102 |    36 ||   187
Throw: Stone             |       |       |     1 ||     1
 Cast: Sticks to Snakes  |       |    23 |    20 ||    43
       Spider Form       |       |     1 |     2 ||     3
  Use: Scroll            |       |     7 |     2 ||     9
       Potion            |       |     1 |       ||     1
 Stab: Sleeping          |     4 |       |       ||     4
  Eat: Chunk             |     3 |     8 |     5 ||    16
       Ration            |       |     2 |     1 ||     3
Armor: Skin              |     6 |     1 |     3 ||    10
Dodge: Dodged            |    47 |    41 |    30 ||   118
Block: Buckler           |       |       |     8 ||     8

Table legend:
 A = Spawn XP
 B = Non-spawn XP
 C = Spawn XP percentage of total XP
 D = Spawn monster count
 E = Non-spawn monster count
 F = Spawn count percentage of total count
 G = Total turns spent on level
                    A         B        C        D         E        F      G
               +---------+---------+-------+---------+---------+-------+---------
         Total |       0 |    1058 |   0.0 |       0 |      97 |   0.0 |  8534
               +---------+---------+-------+---------+---------+-------+---------
           D:1 |       0 |      40 |   0.0 |       0 |      24 |   0.0 |  1223
           D:2 |       0 |      75 |   0.0 |       0 |      19 |   0.0 |  1620
           D:3 |       0 |      86 |   0.0 |       0 |      13 |   0.0 |   982
           D:4 |       0 |     260 |   0.0 |       0 |      12 |   0.0 |  1820
           D:5 |       0 |     147 |   0.0 |       0 |       7 |   0.0 |  1080
           D:6 |       0 |     422 |   0.0 |       0 |      19 |   0.0 |  1228
           D:7 |       0 |      28 |   0.0 |       0 |       3 |   0.0 |   581
               +---------+---------+-------+---------+---------+-------+---------
